 Dungeon Sprint DCSS version 0.27.1-34-g3ba077fa99 (webtiles) character file.

Game seed: 4011941339218872741

63 Groucho the Covered (level 3, -1/37 HPs)
             Began as a Minotaur Fighter on Jan 24, 2022.
             Slain by an orc wizard (3 damage)
             ... in the Dungeon (Sprint IX: "|||||||||||||||||||||||||||||").
             The game lasted 00:00:20 (98 turns).

Groucho the Covered (Minotaur Fighter)                Turns: 98, Time: 00:00:20

Health: -1/37      AC:  7    Str: 20    XL:     3   Next: 89%
Magic:  2/2        EV:  7    Int:  5    God:
Gold:   0          SH: 10    Dex: 10    Spells: 2/2 levels left

rFire    . . .     SeeInvis .   a - +0 war axe
rCold    . . .     Faith    .   c - +0 kite shield
rNeg     . . .     Spirit   .   b - +0 scale mail
rPois    .         Reflect  .   (helmet restricted)
rElec    .         Harm     .   (no cloak)
rCorr    .         Rampage  .   (no gloves)
Will     .....     NoTele   +   (no boots)
Stlth    ..........             (no amulet)
HPRegen  0.12/turn              (no ring)
MPRegen  0.08/turn              (no ring)

@: on berserk cooldown, slowed, very slow
A: horns 2, retaliatory headbutt
a: no special abilities


You were in the Dungeon.
You visited 1 branch

Inventory:

Hand Weapons
 a - a +0 war axe (weapon)
Armour
 b - a +0 scale mail (worn)
 c - a +0 kite shield (worn)
Scrolls
 j - a scroll of blinking
Potions
 d - a potion of might
 f - a potion of heal wounds
 g - a potion of haste
 h - 2 potions of magic


   Skills:
 + Level 5.8 Fighting
 + Level 5.1 Axes
 + Level 5.8 Armour
 + Level 5.8 Shields


You had 2 spell levels left.
You didn't know any spells.
Your spell library was empty.

Dungeon Overview and Level Annotations

Branches:
Dungeon (1/1)

Altars:


Innate Abilities, Weirdness & Mutations

You have a pair of horns on your head.
You reflexively headbutt those who attack you in melee.


Message History

Something hits you but does no damage. x2
You completely miss something. Something hits you but does no damage.
Something hits you.
* * * LOW HITPOINT WARNING * * *
You bump into the unnaturally hard rock wall.
Something hits you but does no damage.
Unknown command.
You feel better. Something hits you.
* * * LOW HITPOINT WARNING * * *
You block something's attack.
You closely miss something. Something hits you but does no damage.
You block something's attack.
You miss something.
An orc wizard appears from thin air!
Reactivating autopickup.
You block the orc wizard's attack. The orc wizard casts a spell at you.
You are confused.
You miss the orc wizard.
The orc wizard is heavily wounded.
The orc wizard gestures at you while chanting.
The magic dart hits you!
* * * LOW HITPOINT WARNING * * *
The orc wizard hits you but does no damage.
Unknown command.
You bump into the unnaturally hard rock wall.
The orc wizard hits you but does no damage.
The orc wizard barely misses you.
Unknown command.
You hit the orc wizard.
The orc wizard is severely wounded.
You feel less confused. You block the orc wizard's attack.
The orc wizard hits you but does no damage. x2
Unknown command.
Unknown command.
You closely miss the orc wizard. Your headbutt misses the orc wizard.
The orc wizard is severely wounded.
The orc wizard hits you but does no damage.
The orc wizard hits you with a +0 dagger.
You die...

▓<▓
▓.▓
▓.▓
▓.▓
▓)▓
▓†▓
▓.▓
▓.▓
▓@▓
▓o▓
▓Z▓
▓.▓
▓.▓
▓.▓
▓.▓
▓.▓
▓+▓


You could see an orc wizard and a ball python zombie.

Vanquished Creatures
  2 iguanas (D)
  An ufetubus (D)
  A dart slug (D)
  An endoplasm (D)
  A goblin (D)
  A hobgoblin (D)
  A kobold (D)
8 creatures vanquished.

Notes
Turn   | Place    | Note
-------+----------+-------------------------------------------
     0 | D        | Groucho the Minotaur Fighter began the quest for the Orb.
     0 | D        | Reached XP level 1. HP: 19/19 MP: 0/0
    68 | D        | Noticed an iguana
    68 | D        | Noticed an iguana
    68 | D        | Noticed an orc wizard
    73 | D        | Killed an iguana
    74 | D        | Reached skill level 5 in Fighting
    74 | D        | Reached skill level 5 in Armour
    74 | D        | Reached skill level 5 in Shields
    74 | D        | Reached XP level 2. HP: 7/29 MP: 1/1
    74 | D        | Reached XP level 3. HP: 9/36 MP: 2/2
    86 | D        | Reached skill level 5 in Axes
    98 | D        | Slain by an orc wizard

Illustrated notes

Levels and vault maps discovered:
D:        linesprint [early_d, line_temple, items_1, d_10, items_2, lair_1,
          lair_end, items_3, orc_1, orc_end, items_4, d_15, swamp_1, shoals_1,
          snake_1, spider_1, d_20, vaults_1, items_5, swamp_end, shoals_end,
          snake_end, spider_end, vaults_end, d_27, items_6, zot_1, zot_end,
          crypt_end, forest_end, elf_end, slime_end, tomb_end, abyss_end,
          pan_hell_end]

Skill      XL: |  1  2  3 |
---------------+----------+-----
Armour         | 5 |  5.8
Fighting       | 5 |  5.8
Axes           | 4 5 |  5.1
Shields        | 5 |  5.8

Action                   || total
-------------------------++-------
Melee: War axe           ||    31
       Headbutt          ||     2
  Use: Potion            ||     2
Armor: Scale mail        ||    18
Dodge: Dodged            ||    11
Block: Kite shield       ||    20
